 Seeded DCSS version 0.30-a0-297-g0ec75d9ef4 (webtiles) character file.

Game seed: 15285251765738749511 (custom seed)

504 purpskrrrp the Firebug (level 6, -4/32 HPs)
             Began as a Deep Elf Fire Elementalist on Oct 18, 2022.
             Slain by a water moccasin (5 damage)
             ... on level 5 of the Dungeon.
             The game lasted 00:09:21 (3521 turns).

purpskrrrp the Firebug (Deep Elf Fire Elementalist) Turns: 3521, Time: 00:09:22

Health: -4/32      AC:  2    Str:  5    XL:     6   Next: 96%
Magic:  14/15      EV: 14    Int: 34    God:
Gold:   147        SH:  0    Dex: 15    Spells: 8/15 levels left

rFire   . . .      SeeInvis .    b - +0 flail
rCold   . . .      Faith    .    (no shield)
rNeg    . . .      Spirit   .    a - +0 robe
rPois   .          Reflect  .    (no helmet)
rElec   .          Harm     .    (no cloak)
rCorr   .          Rampage  .    (no gloves)
Will    .....                    (no boots)
Stlth   ++........               (no amulet)
HPRegen 0.25/turn                i - +6 ring of intelligence
MPRegen 0.14/turn                j - +6 ring of intelligence

@: lethally poisoned (-4 -> -6), attractive
A: no striking features
a: no special abilities


You were on level 5 of the Dungeon.
You visited 1 branch of the dungeon, and saw 5 of its levels.

You collected 147 gold pieces.

Inventory:

Hand Weapons
 b - a +0 flail (weapon)
Armour
 a - a +0 robe (worn)
Jewellery
 i - a +6 ring of intelligence (left hand)
 j - a +6 ring of intelligence (right hand)
 p - a ring of poison resistance
Scrolls
 d - a scroll of fog
Potions
 g - a potion of curing {unknown}
 h - 2 potions of degeneration
 k - a potion of ambrosia {unknown}
 m - 2 potions of brilliance
 o - a potion of lignification {unknown}


   Skills:
 + Level 4.4 Dodging
 - Level 2.6 Stealth
 + Level 5.2 Spellcasting
 + Level 3.5 Conjurations
 * Level 6.0 Fire Magic


You had 8 spell levels left.
You knew the following spells:

 Your Spells              Type           Power      Damage    Failure   Level
a - Foxfire               Conj/Fire      100%       2x1d9     1%          1
b - Scorch                Fire           98%        2d10      1%          2
c - Flame Wave            Conj/Fire      41%        2d11      6%          4

Your spell library contained the following spells:

 Spells                   Type           Power      Damage    Failure   Level
 Inner Flame              Hex/Fire       29%        N/A       3%          3
 Kindle Blastsparks       Fire/Tloc/Air  44%        2d13      6%          3


Dungeon Overview and Level Annotations

Branches:
Dungeon (6/15)
 Temple: D:4-7

Altars:
Cheibriados
Zin

Shops:
D:1 !

Annotations:
D:3 2 transporters, Darkkill's ghost, amateur GrMo


Message History

You closely miss the water moccasin.
The water moccasin is heavily wounded.
The foxfire hits the water moccasin.
The water moccasin is severely wounded.
The water moccasin bites you but does no damage.
The adder misses you. The water moccasin bites you!
You are poisoned.
The water moccasin poisons you!
You miss the water moccasin.
The water moccasin is severely wounded.
You feel very sick. The adder bites you. The water moccasin barely misses you.
The orc barely misses you. x2; The adder closely misses you.
The water moccasin closely misses you.
You closely miss the water moccasin.
The water moccasin is severely wounded.
You feel very sick. The adder bites you but does no damage.
The orc barely misses you. The orc hits you with a +0 mace!
* * * LOW HITPOINT WARNING * * *
The water moccasin barely misses you. The orc barely misses you. x2
The adder bites you.
* * * LOW HITPOINT WARNING * * *
As you read the scroll of fog, it crumbles to dust.
The scroll dissolves into smoke.
You feel sick. The water moccasin misses you. The adder barely misses you.
The water moccasin barely misses you. The orc barely misses you.
The orc hits you with a +0 mace.
* * * LOW HITPOINT WARNING * * *
The water moccasin attacks as you move away!
The water moccasin closely misses you.
You feel sick. The adder misses you. The orc misses you.
The water moccasin attacks as you move away!
The water moccasin misses you.
You feel sick. The adder bites you.
* * * LOW HITPOINT WARNING * * *
The water moccasin closely misses you.
It was a potion of attraction.
You feel attractive to monsters.
* * * LOW HITPOINT WARNING * * *
You feel sick. The water moccasin bites you.
You die...

##### ....#
.§. ###§###
#.§§oS##
#...§§§@#
#....§So#
#....._§§§..
#.#.......#.#
# #.......#.#
##.....## #
###.###


You could see a water moccasin, an adder and 2 orcs.

Vanquished Creatures
  A shadow (D:6)
  A necrophage (D:6)
  A hound (D:6)
  2 orc priests (D:6)
  Natasha (thrice) (D:2)
  5 adders
  2 worms
  A dart slug (D:2)
  12 orcs
  4 endoplasms
  5 goblins
  2 hobgoblins
  5 kobolds
  A quokka (D:1)
  10 ball pythons
  5 bats
  4 rats
64 creatures vanquished.

Vanquished Creatures (collateral kills)
  A ball python (D:3)
1 creature vanquished.

Vanquished Creatures (others)
  302 foxfires
302 creatures vanquished.

Grand Total: 367 creatures vanquished

Notes
Turn   | Place    | Note
-------+----------+-------------------------------------------
     0 | D:1      | purpskrrrp the Deep Elf Fire Elementalist began the quest
                  | for the Orb.
     0 | D:1      | Reached XP level 1. HP: 10/10 MP: 6/6
   286 | D:1      | Found Akeikk's Distillery.
   504 | D:1      | Reached XP level 2. HP: 15/15 MP: 0/8
  1236 | D:2      | Reached XP level 3. HP: 19/19 MP: 6/9
  1573 | D:2      | Reached skill level 4 in Fire Magic
  1835 | D:2      | Noticed Natasha
  1839 | D:2      | Killed Natasha
  1840 | D:2      | Reached XP level 4. HP: 24/24 MP: 6/11
  1865 | D:2      | Noticed Natasha
  1869 | D:2      | Killed Natasha
  2024 | D:2      | Noticed Natasha
  2048 | D:2      | Killed Natasha
  2049 | D:2      | Reached XP level 5. HP: 3/28 MP: 8/13
  2699 | D:3      | Learned a level 2 spell: Scorch
  2704 | D:3      | Learned a level 4 spell: Flame Wave
  2861 | D:3      | Noticed Darkkill's ghost (amateur GrMo)
  2863 | D:3      | Found a transporter.
  2864 | D:3      | Noticed an ogre
  2864 | D:3      | Noticed an ogre
  2868 | D:3      | Found a transporter.
  3007 | D:3      | Found a glowing silver altar of Zin.
  3109 | D:3      | Found a faded altar of an unknown god.
  3335 | D:3      | You fall into a shaft and drop 3 floors!
  3347 | D:6      | Reached skill level 5 in Fire Magic
  3375 | D:6      | Noticed a shadow
  3382 | D:6      | Killed a shadow
  3383 | D:6      | Reached skill level 5 in Spellcasting
  3383 | D:6      | Reached XP level 6. HP: 32/32 MP: 4/15
  3410 | D:6      | Reached skill level 6 in Fire Magic
  3512 | D:5      | Entered Level 5 of the Dungeon
  3512 | D:5      | Noticed a water moccasin
  3512 | D:5      | Found a snail-covered altar of Cheibriados.
  3520 | D:5      | HP: 1/32 [adder (3)]
  3521 | D:5      | Slain by a water moccasin

Illustrated notes

Levels and vault maps discovered:
D:1:      dpeg_arrival_central, layout_basic, serial_shops, shop
D:2:      layout_basic, kennysheep_decorative_pillar, uniq_natasha
D:3:      minmay_skewed_foursquare, layout_loops_corners, zin_treasury,
          nicolae_ecumenical_snake_handling, gammafunk_ghost_smash
D:5:      layout_basic, old_standard_altar, hangedman_decor_growths,
          uniq_blork_the_orc
D:6:      layout_basic, uniq_duvessa

Skill      XL: |  1  2  3  4  5  6 |
---------------+-------------------+-----
Dodging        | 3 4 |  4.4
Fire Magic     | 4 5 6 |  6.0
Conjurations   | 2 3 |  3.5
Spellcasting   | 4 5 |  5.2
Stealth        | |  2.6

Action                   |  1- 3 |  4- 6 || total
-------------------------+-------+-------++-------
Melee: Unarmed           |    14 |    27 ||    41
       Flail             |       |     7 ||     7
 Cast: Foxfire           |    90 |   100 ||   190
  Use: Potion            |       |     2 ||     2
       Scroll            |       |    10 ||    10
Armor: Robe              |     1 |     6 ||     7
Dodge: Dodged            |     8 |    51 ||    59

Table legend: (Time is in decaauts)
 A = Elapsed time spent in this place.
 B = Non-inter-level travel time spent in this place.
 C = Inter-level travel time spent in this place.
 D = Time resting spent in this place.
 E = Time spent auto-exploring this place.
 F = Levels seen in this place.
 G = Mean time per level.
                   A        B        C        D        E       F      G
               +--------+--------+--------+--------+--------+-----+--------+
         Total |   3521 |   3475 |     46 |    671 |   2371 |   5 |  704.2 |
       Dungeon |   3521 |   3475 |     46 |    671 |   2371 |   5 |  704.2 |
               +--------+--------+--------+--------+--------+-----+--------+

Top non-repeatable levels by time:
     D:2: 1304 daAuts
     D:1: 1133 daAuts
     D:3: 895 daAuts
     D:6: 177 daAuts
     D:5: 10 daAuts
